 Dungeon Crawl Stone Soup version 0.19.5 (webtiles) character file.

29 dittoslash the Grasshopper (level 3, -2/30 HPs)
             Began as a Draconian Warper on Apr 17, 2017.
             Was an Initiate of Nemelex Xobeh.
             Slain by an ice devil (22 damage)
             ... summoned by the player character
             ... on level 2 of the Dungeon.
             The game lasted 00:14:52 (1359 turns).

dittoslash the Grasshopper (Draconian Warper)       Turns: 1359, Time: 00:14:53

Health: -2/30      AC:  8    Str: 13    XL:     3   Next: 1%
Magic:  6/6        EV: 12    Int: 14    God:    Nemelex Xobeh [......]
Gold:   72         SH:  0    Dex: 10    Spells: 2 memorised, 2 levels left

rFire  . . .     SeeInvis +     i - -1 dagger (curse)
rCold  . . .     Gourm    .     (armour unavailable)
rNeg   . . .     Faith    .     (no shield)
rPois  .         Spirit   .     (helmet restricted)
rElec  .         Reflect  .     e - +0 cloak
rCorr  .         Harm     .     j - +1 pair of gloves
MR     .....     Rnd*Tele +     (no boots)
Stlth  +.........               (no amulet)
                                (no ring)
                                k - ring of teleportation (curse)

@: slowed, very slow
A: unfitting armour, see invisible, high mp 1, no device heal 1, cold-blooded,
AC +5
a: Renounce Religion


You were on level 2 of the Dungeon.
You worshipped Nemelex Xobeh.
Nemelex Xobeh was noncommittal.
You were not hungry.

You visited 1 branch of the dungeon, and saw 2 of its levels.

You collected 72 gold pieces.

Inventory:

Hand Weapons
 a - a +0 falchion
 f - a +0 hand axe
 g - a +0 hunting sling
 h - a +0 short sword of protection
 i - a cursed -1 dagger (weapon)
 n - a +0 trident
Missiles
 d - a tomahawk of dispersal (quivered)
 o - 17 stones
Armour
 e - a +0 cloak (worn)
 j - a +1 pair of gloves (worn)
Jewellery
 k - a cursed ring of teleportation (left hand)
Scrolls
 c - a scroll of blinking
Books
 b - a book of Spatial Translocations

   Spells                             Type                      Level
   a - Blink                          Translocation                2
   b - Shroud of Golubria             Charms/Translocation         2
   c - Lesser Beckoning               Translocation                3
   d - Portal Projectile              Translocation                3
   e - Teleport Other                 Translocation                3
   f - Passage of Golubria            Translocation                4
Miscellaneous
 l - a plain deck of summoning {drawn: 1}
Comestibles
 m - a bread ration


   Skills:
 + Level 2.4 Fighting
 + Level 2.6 Long Blades
 + Level 0.8 Throwing
 + Level 2.5 Dodging
 + Level 2.2 Spellcasting
 + Level 3.0 Translocations


You had 2 spell levels left.
You knew the following spells:

 Your Spells              Type           Power        Failure   Level  Hunger
a - Blink                 Tloc           N/A          12%         2    ###....
b - Shroud of Golubria    Chrm/Tloc      #.........   21%         2    ###....


Dungeon Overview and Level Annotations

Branches:
Dungeon (2/15)

Altars:
Gozag
Nemelex Xobeh
Sif Muna

Annotations:
D:2 Gozag. Xobeh, and Sif Muna altars


Innate Abilities, Weirdness & Mutations

Your plain brown scales are hard. (AC +5)
You cannot fit into any form of body armour.
You are cold-blooded and may be slowed by cold attacks.
You have supernaturally acute eyesight. (SInv)
You have an increased reservoir of magic. (+10% MP)
Potions and wands are less effective at restoring your health.


Message History

The ice devil hits your hell hound! The ice devil freezes your hell hound!
Your hell hound is frozen!
Your hell hound bites the ice devil but does no damage.
The ice devil hits your hell hound!
Your hell hound dies!
Your hell hound's corpse disappears in a puff of smoke!
An orc comes into view. It is wielding a hand axe.
The orc shouts!
You see here a stone.
You see here a stone.
The ice devil misses you.
Unknown command.
Things that are here:
an uncursed hunting sling; 17 stones; a goblin corpse
g - an uncursed hunting sling;
o - 17 stones The ice devil hits you.
The ice devil freezes you!!
You feel yourself slow down.
Ouch! That really hurt!
You die...
Your body disappears without a glow.

#....# ####......##.#
#....#####.........##..
#....#(..#.############
#....(...#.#
#....(.....#######
#...#.(...........
######(o..########
#.4.## #.@.# # #.>.# #
#...# # #...# # ##### #
# #


You could see an ice devil and an orc.

Vanquished Creatures
  A dart slug (D:1)
  2 leopard geckos (D:1)
  A ball python (D:1)
  A giant cockroach (D:1)
  3 goblins
  A hobgoblin (D:1)
  6 kobolds (D:1)
  4 bats
  A frilled lizard (D:1)
  6 rats (D:1)
26 creatures vanquished.

Notes
Turn   | Place    | Note
-------+----------+-------------------------------------------
     0 | D:1      | dittoslash the Draconian Warper began the quest for the Orb.
     0 | D:1      | Reached XP level 1. HP: 17/17 MP: 3/3
   194 | D:1      | Reached XP level 2. HP: 19/25 MP: 5/5
   200 | D:1      | Learned a level 2 spell: Blink
   203 | D:1      | Learned a level 2 spell: Shroud of Golubria
  1037 | D:2      | Found a deep blue altar of Sif Muna.
  1146 | D:2      | Found a sparkling altar of Nemelex Xobeh.
  1147 | D:2      | Found an opulent altar of Gozag.
  1169 | D:2      | Became a worshipper of Nemelex Xobeh the Trickster
  1231 | D:2      | Reached XP level 3. HP: 23/30 MP: 3/6
  1274 | D:2      | Received a gift from Nemelex Xobeh
  1327 | D:2      | Gained mutation: Potions and wands are less effective at restoring your health. [potion of mutation]
  1327 | D:2      | Gained mutation: You have an increased reservoir of magic. (+10% MP) [potion of mutation]
  1327 | D:2      | Gained mutation: You have supernaturally acute eyesight. (SInv) [potion of mutation]
  1328 | D:2      | Noticed an ice devil
  1359 | D:2      | Slain by an ice devil

Action                   || total
-------------------------++-------
Melee: Falchion          ||    34
       Tailslap          ||    10
       Dagger            ||    53
Throw: Tomahawk          ||     4
 Cast: Shroud of Golubri ||     4
       Blink             ||     2
Evoke: Deck              ||     1
  Use: Scroll            ||     4
       Potion            ||     2
 Stab: Sleeping          ||     1
  Eat: Bread ration      ||     1
Armor: Skin              ||    66
Dodge: Dodged            ||    94
       Rpst.: Falchion   ||     9
